 Dungeon Sprint DCSS version 0.32-a0-350-g4f4d228785 (webtiles) character file.

Game seed: 7829123912222531388

877 rocky1 the Basher (level 7, -6/68 HPs)
             Began as a Mountain Dwarf Monk on Feb 18, 2024.
             Was a High Priest of Sif Muna.
             Mangled by a warg (13 damage)
             ... in the Dungeon (Sprint VII: "The Pits").
             The game lasted 00:02:32 (790 turns).

rocky1 the Basher (Mountain Dwarf Monk)              Turns: 790, Time: 00:02:32

Health: -6/68      AC: 12    Str: 16    XL:     7   Next: 75%
Magic:  14/14      EV:  9    Int: 10    God:    Sif Muna [*****.]
Gold:   0          SH:  0    Dex: 12    Spells: 16/16 levels left

rFire   . . .        q - +0 flail (protect)
rCold   . . .        d - orb {light}
rNeg    . . .        r - +2 chain mail {Will+}
rPois   .            (no helmet)
rElec   .            (no cloak)
rCorr   .            (no gloves)
SInv    .            (no boots)
Will    +....        (no amulet) Stlth
                     (no ring)
HPRegen 0.31/turn    (no ring)
MPRegen 0.14/turn

%: no teleportation
@: on berserk cooldown, slowed, glowing, very slow
A: runic magic, artefact enchanting
a: Renounce Religion, Channel Magic, Forget Spell, Divine Exegesis


You were in the Dungeon.
You worshipped Sif Muna.
Sif Muna was extremely pleased with you.
You visited 1 branch

Inventory:

Hand Weapons
 a - a +0 mace
 o - a +2 hand axe of freezing
 q - a +0 flail of protection (weapon)
Armour
 b - a +0 robe
 d - an orb of light (worn)
 p - a +3 scale mail
 r - a +2 chain mail of willpower (worn)
Scrolls
 j - a scroll of blinking
 l - 2 scrolls of vulnerability
 m - 5 scrolls of amnesia
 n - a scroll of butterflies
Potions
 c - a potion of ambrosia
 e - 6 potions of curing
 f - 6 potions of heal wounds
 g - a potion of haste
 h - 4 potions of magic
 i - a potion of berserk rage
 k - 2 potions of invisibility


   Skills:
 + Level 8.0 Fighting
 + Level 7.7(9.4) Axes
 + Level 8.5(9.9) Maces & Flails
 + Level 6.9 Armour
 + Level 5.3 Dodging
 + Level 5.2 Spellcasting
 + Level 8.1 Invocations


You had 16 spell levels left.
You didn't know any spells.
Your spell library contained the following spells:

 Spells                   Type           Power      Damage    Failure   Level
 Kiss of Death            Conj/Necr      8%         2d6       36%         1
 Freezing Cloud           Conj/Ice/Air   1%         6-21      100%        5
 Irradiate                Conj/Alch      1%         3d12      100%        5
 Conjure Ball Lightning   Conj/Air       1%         3x3d6     100%        6


Dungeon Overview and Level Annotations

Branches:
Dungeon (1/1)

Altars:
Ashenzari
Cheibriados
Dithmenos
Elyvilon
Fedhas
Gozag
Hepliaklqana
Kikubaaqudgha
Makhleb
Nemelex Xobeh
Okawaru
Qazlal
Ru
Sif Muna
Trog
Uskayaw
Vehumet
Wu Jian
Xom
Yredelemnul
Zin
The Shining One
Beogh
Jiyva
Lugonu


Innate Abilities, Weirdness & Mutations

Your spellcasting is much less encumbered by armour.
You can use scrolls of enchantment on lesser artefacts.


Message History

Your Invocations skill increases to level 8!
There is an open door here.
You feel a strong urge to attack something.
You are no longer berserk.
You are exhausted.
You feel as though you will be slow longer.
You open the door.
A warg, a jelly and 2 jackals come into view.
The jelly quivers.
The jackal barks! x2
The jackal bites you.
You hit the jackal.
You kill the jackal!
Sif Muna accepts your kill.
You hit the warg.
The warg is lightly wounded.
The warg bites you but does no damage. The warg bites you.
You hit the warg but do no damage.
The warg is lightly wounded.
The warg bites you! The warg bites you. The warg bites you!
You hit the warg but do no damage.
The warg is lightly wounded.
The warg barely misses you. x2
You thump the warg!
The warg is moderately wounded.
The warg bites you. The warg barely misses you.
You barely miss the warg.
The warg is moderately wounded.
The warg bites you!
* * * LOW HITPOINT WARNING * * *
The warg closely misses you.
You barely miss the warg.
The warg is moderately wounded.
The warg barely misses you. The warg bites you but does no damage.
You barely miss the warg.
The warg is moderately wounded.
The warg bites you.
* * * LOW HITPOINT WARNING * * *
The warg bites you!
You die...

#.#.†########...<...#
#.#..'.)))[##.......#
#)#..#.))..##.......#
#)###########.......#
#.......#.. #########
#...#...#h#
#...#...#J#
#.##.##.#h#
#...#...#@+
#...#...#'#
#.......'.#
###########


You could see a warg, a jelly and a jackal.

Vanquished Creatures
  A glass eye (D)
  A wraith (D)
  A warg (D)
  A water moccasin (D)
  An orc warrior (D)
  A black bear (D)
  A quasit (D)
  Terence (D)
  An orc wizard (D)
  2 adders (D)
  2 orcs (D)
  2 bats (D)
  A goblin (D)
  A hobgoblin (D)
  A jackal (D)
  A quokka (D)
  A ball python skeleton (D)
  A kobold (D)
21 creatures vanquished.

Notes
Turn   | Place    | Note
-------+----------+-------------------------------------------
     0 | D        | rocky1 the Mountain Dwarf Monk began the quest for the Orb.
     0 | D        | Reached XP level 1. HP: 19/19 MP: 1/1
    18 | D        | Found a bloodstained altar of Trog.
    18 | D        | Found a shimmering blue altar of Sif Muna.
    18 | D        | Found a viscous altar of Jiyva.
    18 | D        | Found a hazy altar of Hepliaklqana.
    18 | D        | Found an opulent altar of Gozag.
    19 | D        | Found a glowing golden altar of the Shining One.
    19 | D        | Found a glowing silver altar of Zin.
    19 | D        | Found a basalt altar of Yredelemnul.
    19 | D        | Found a shimmering altar of Xom.
    19 | D        | Found an ornate altar of the Wu Jian Council.
    19 | D        | Found a sacrificial altar of Ru.
    19 | D        | Found a stormy altar of Qazlal.
    19 | D        | Found an iron altar of Okawaru.
    19 | D        | Found a sparkling altar of Nemelex Xobeh.
    19 | D        | Found a burning altar of Makhleb.
    19 | D        | Found a blossoming altar of Fedhas.
    19 | D        | Found a white marble altar of Elyvilon.
    19 | D        | Found a shadowy altar of Dithmenos.
    19 | D        | Found a snail-covered altar of Cheibriados.
    22 | D        | Found a corrupted altar of Lugonu.
    22 | D        | Found a radiant altar of Vehumet.
    22 | D        | Found a roughly hewn altar of Beogh.
    23 | D        | Found an ancient bone altar of Kikubaaqudgha.
    23 | D        | Found a hide-covered altar of Uskayaw.
    23 | D        | Found a broken altar of Ashenzari.
    26 | D        | Became a worshipper of Sif Muna the Loreminder
    26 | D        | Reached * piety under Sif Muna
    26 | D        | Reached ** piety under Sif Muna
    61 | D        | Noticed a glass eye
    63 | D        | Reached skill level 1 in Armour
    76 | D        | Killed a glass eye
    77 | D        | Reached skill level 5 in Fighting
    77 | D        | Reached skill level 5 in Invocations
    77 | D        | Reached XP level 2. HP: 30/30 MP: 3/6
    77 | D        | Reached XP level 3. HP: 37/37 MP: 3/7
    77 | D        | Reached XP level 4. HP: 44/44 MP: 3/8
    77 | D        | Reached XP level 5. HP: 50/50 MP: 3/9
   256 | D        | Reached *** piety under Sif Muna
   539 | D        | Reached skill level 5 in Axes
   599 | D        | Noticed an orc warrior
   599 | D        | Noticed Terence
   599 | D        | Noticed a warg
   600 | D        | Noticed a black bear
   600 | D        | Noticed a water moccasin
   604 | D        | Reached **** piety under Sif Muna
   610 | D        | Killed a water moccasin
   611 | D        | Reached skill level 5 in Armour
   611 | D        | Reached XP level 6. HP: 58/58 MP: 11/11
   623 | D        | Killed a warg
   627 | D        | Killed an orc warrior
   627 | D        | Reached ***** piety under Sif Muna
   628 | D        | Reached XP level 7. HP: 66/66 MP: 13/13
   633 | D        | Reached skill level 5 in Dodging
   653 | D        | Killed Terence
   653 | D        | Received a gift from Sif Muna
   654 | D        | Reached skill level 5 in Spellcasting
   658 | D        | Got Sif Muna's Tractate on Conjuring {god gift}
   770 | D        | Noticed a wraith
   779 | D        | Killed a wraith
   782 | D        | Noticed a warg
   790 | D        | Mangled by a warg

Illustrated notes

Levels and vault maps discovered:
D:        pitsprint [storerooms_1, entrance_room_1, metal_vault_2, armoury_3,
          mini_pit_1, grid_room_1, main_hall_1, silver_pit, the_coven_3,
          the_vestibule_1, steel_vault_2, golden_pit, hallway_of_sentries,
          crystal_vault_1, iron_vault_2, final_vault]

Skill      XL: |  1  2  3  4  5  6  7 |
---------------+----------------------+-----
Armour         | 4 5 6 |  6.9
Fighting       | 5 6 7 8 |  8.0
Axes           | 4 5 6 7 |  7.7
Maces & Flails | 6 7 8 |  8.5
Dodging        | 3 4 5 |  5.3
Spellcasting   | 3 4 5 |  5.2
Invocations    | 5 6 7 8 |  8.1

Action                     |  1- 3 |  4- 6 |  7- 9 || total
---------------------------+-------+-------+-------++-------
  Melee: Hand axe          |    15 |    16 |       ||    31
         Mace              |     1 |       |       ||     1
         Flail             |       |    23 |    38 ||    61
    Use: Potion            |       |     1 |     1 ||     2
 Armour: Robe              |     1 |     8 |       ||     9
         Scale mail        |       |    11 |    32 ||    43
         Chain mail        |       |       |    16 ||    16
  Dodge: Dodged            |       |    26 |    34 ||    60

Table legend: (Time is in decaauts)
 A = Elapsed time spent in this place.
 B = Non-inter-level travel time spent in this place.
 C = Inter-level travel time spent in this place.
 D = Time resting spent in this place.
 E = Time spent auto-exploring this place.
 F = Levels seen in this place.
 G = Mean time per level.
                   A        B        C        D        E       F      G
               +--------+--------+--------+--------+--------+-----+--------+
         Total |    794 |    772 |     22 |    505 |      0 |   1 |  794.0 |
       Dungeon |    794 |    772 |     22 |    505 |      0 |   1 |  794.0 |
               +--------+--------+--------+--------+--------+-----+--------+

Top non-repeatable levels by time:
       D: 794 daAuts
